 Dungeon Crawl Stone Soup version 0.24-a0-525-g9231cdc (webtiles) character file.

Game seed: 10861146588468477604

140325 HarryHood the Tortoise (level 16, -7/157 HPs)
             Began as a Minotaur Berserker on Aug 4, 2019.
             Was a High Priest of Trog.
             Mangled by a sea snake (8 damage)
             ... on level 4 of the Shoals.
             The game lasted 02:15:58 (27519 turns).

HarryHood the Tortoise (Minotaur Berserker)        Turns: 27519, Time: 02:15:59

Health: -7/157     AC: 36    Str: 34    XL:     16   Next: 75%
Magic:  15/15      EV: 18    Int:  3    God:    Trog [*****.]
Gold:   3280       SH: 24    Dex: 16    Spells: 15/15 levels left

rFire    . . .     SeeInvis +   a - +7 flail
rCold    . . .     Gourm    .   R - +0 large shield
rNeg     . . .     Faith    .   J - +7 plate armour of Lugonu's Envy {rPois Str+3}
rPois    +         Spirit   .   (helmet restricted)
rElec    .         Reflect  +   X - +1 cloak {rPois}
rCorr    .         Harm     .   w - +2 pair of gloves {Dex+3}
MR       ++...                  u - +2 pair of boots
Stlth    ..........             H - +5 amulet of reflection
HPRegen  0.36/turn              A - ring of Vodka {MR+ Str+6 Int-2 SInv, @P1}
MPRegen  0.14/turn              I - +5 ring of evasion

@: mesmerised
A: retaliatory headbutt, horns 2
a: Berserk, Trog's Hand, Brothers in Arms, Renounce Religion


You were on level 4 of the Shoals.
You worshipped Trog.
Trog was extremely pleased with you.
You were near starving.

You visited 5 branches of the dungeon, and saw 27 of its levels.
You also visited: Ossuary, Ice Cave and Volcano.

You collected 3577 gold pieces.
You spent 297 gold pieces at shops.

Inventory:

Hand Weapons
 a - a +7 flail (weapon)
 b - a +1 fustibalus of flaming
 P - a +4 eveningstar of draining
 Q - a +2 antimagic eveningstar
 U - a +4 fustibalus of freezing
Missiles
 j - 357 sling bullets
 s - 13 boomerangs (quivered)
Armour
 u - a +2 pair of boots (worn)
 w - a +2 pair of gloves of dexterity (worn)
 y - a scarf of repulsion
 C - the -2 hat of the Alchemist {rElec rPois rF+ rC+ rN+ MR+ rMut rCorr}
   (You found it on level 8 of the Dungeon)

   It protects you from fire.
   It protects you from cold.
   It insulates you from electricity.
   It protects you from poison.
   It protects you from negative energy.
   It affects your resistance to hostile enchantments.
   It provides partial protection from all sources of acid and corrosion.
   It protects you from mutation.
 E - a +2 cloak
 J - the +7 plate armour of Lugonu's Envy (worn) {rPois Str+3}
   (You found it on level 10 of the Dungeon)

   It affects your strength (+3).
   It protects you from poison.
 R - a +0 large shield (worn)
 S - the cursed +0 scale mail of the Untouchables {rElec Dex+4 Stlth+, unknown}
   (You found it on level 2 of the Shoals)

   It affects your dexterity (+4).
   It insulates you from electricity.
   It makes you more stealthy.
   It has a curse placed upon it.
 X - a +1 cloak of poison resistance (worn)
Jewellery
 i - a +4 ring of protection {@P2}
 n - the ring of Bymnurgh {rN+ Int+2 SInv}
   (You found it on level 12 of the Dungeon)

   [ring of see invisible]

   It affects your intelligence (+2).
   It protects you from negative energy.
   It lets you see invisible.
 p - an uncursed amulet of the gourmand
 A - the ring of Vodka (left hand) {MR+ Str+6 Int-2 SInv, @P1}
   (You found it on level 6 of the Dungeon)

   [ring of see invisible]

   It affects your strength (+6).
   It affects your intelligence (-2).
   It affects your resistance to hostile enchantments.
   It lets you see invisible.
 H - a +5 amulet of reflection (around neck)
 I - a +5 ring of evasion (right hand)
 L - an uncursed ring of flight {unknown}
 M - the ring of Syotsask {rF+++ rC+ Str-5 Int+2 Dex+4}
   (You took it off a meliai on level 12 of the Dungeon)

   [ring of protection from cold]

   It affects your strength (-5).
   It affects your intelligence (+2).
   It affects your dexterity (+4).
   It renders you almost immune to fire.
   It protects you from cold.
 N - the amulet "Jios" {Faith +Inv MP-9 Int+4 Dex+3}
   (You took it off a vampire on level 12 of the Dungeon)

   [amulet of faith]

   It allows you to gain divine favour quickly.
   It affects your intelligence (+4).
   It affects your dexterity (+3).
   It affects your magic capacity (-9).
   It lets you turn invisible.
 O - the amulet of Uxtuabum {Acrobat rC+}
   (You found it on level 12 of the Dungeon)

   [amulet of the acrobat]

   It helps you evade while moving and waiting.
   It protects you from cold.
 V - a cursed -3 ring of dexterity {unknown}
 W - an uncursed ring of positive energy {unknown}
Scrolls
 c - 3 scrolls of magic mapping {@r5}
 h - 14 scrolls of remove curse {@r1}
 m - 2 scrolls of fear
 r - 6 scrolls of identify
 v - 15 scrolls of teleportation {@r0}
 D - 5 scrolls of fog
 F - 4 scrolls of blinking {@r7}
 K - a scroll of holy word
Potions
 d - 5 potions of flight
 f - 6 potions of might
 g - 6 potions of haste
 k - 3 potions of resistance
 l - 11 potions of curing {@q2}
 o - a potion of brilliance
 q - 5 potions of ambrosia
 t - 3 potions of agility
 x - 2 potions of heal wounds {@q1}
 z - 2 potions of cancellation
 B - 2 potions of lignification {!q}
 G - 3 potions of mutation {!q}
Comestibles
 e - 37 rations {@e1}
 T - a chunk of flesh


   Skills:
 + Level 18.2 Fighting
 - Level 14.0 Maces & Flails
 - Level 12.0 Slings
 + Level 18.8 Armour
 - Level 12.0 Dodging
 + Level 8.6 Shields


You had 15 spell levels left.
You didn't know any spells.
Your spell library was empty.

Dungeon Overview and Level Annotations

Branches:
Dungeon (14/15)            Temple (0/1) D:7            Lair (6/6) D:9
 Shoals (4/4) Lair:2       Spider (1/4) Lair:2        Slime (0/5) Lair:5
    Orc (2/2) D:10            Elf (0/3) Orc:2        Vaults (0/5) D:14

Altars:
Cheibriados
Elyvilon
Gozag
Kikubaaqudgha
Nemelex Xobeh
Okawaru
Wu Jian
Zin
Jiyva

Shops:
D:4 *   D:6 (   D:12 *   D:14 :   Orc:1 }   Orc:2 *(:[

Annotations:
Lair:4 exclusion: 3 oklob plants
Shoals:3 exclusion: oklob plant


Innate Abilities, Weirdness & Mutations

You reflexively headbutt those who attack you in melee.
You have a pair of horns on your head.


Message History

The javelin pierces through you but does no damage.
The javelin pierces through the harpy!!
The merfolk avatar chants its luring song.
Your two-headed ogre hits the harpy with a +0 dire flail of protection!
The harpy dies!
Trog accepts your kill. The sea snake closely misses you.
The merfolk impaler closely misses you.
The merfolk javelineer throws a silver javelin.
The silver javelin pierces through you!
* * * LOW HITPOINT WARNING * * *
x2 You regained 18 hp, and now have 24/157 hp.
You cannot move away from the merfolk avatar!
You sock the merfolk javelineer! You headbutt the merfolk javelineer!!
The merfolk impaler hits you from afar with a +0 trident!
* * * LOW HITPOINT WARNING * * *
The merfolk javelineer throws a javelin.
The javelin pierces through you!
* * * LOW HITPOINT WARNING * * *
The sea snake bites you!
You die...

≈≈≈≈≈≈≈≈≈≈# .≈≈≈≈≈≈≈≈## ..
...≈≈≈≈≈≈#≈# ≈≈ ...
....P≈P≈≈#≈.. #≈ ....
.....P≈≈≈# .≈##≈ #≈....≈
###..P≈≈≈#≈.≈≈≈m .#..≈≈.≈
# #..P≈≈≈#≈..#≈. #.#..≈..≈
###PP≈≈≈≈##≈..mm#S#......≈
(....PP≈≈≈##≈.Em@#†.......
...PP≈≈.≈≈≈######O.)..$...
≈≈≈≈≈≈.≈≈≈≈≈≈......†......
≈≈≈≈≈≈≈≈≈≈≈≈≈≈............
≈≈≈≈≈≈≈≈≈≈≈≈≈....$........
≈≈(≈≈≈≈≈≈≈≈...............
≈≈≈≈≈≈≈≈≈≈≈...........(..<
.≈≈≈≈≈≈≈≈≈≈..≈............
≈≈≈≈≈≈≈.≈≈≈..≈≈..≈≈.......


You could see a merfolk avatar, a merfolk impaler, 2 merfolk javelineers, a sea
snake, a water elemental and a friendly two-headed ogre (berserk).

Vanquished Creatures
  Jorgrun (Shoals:1)
  Roxanne (Shoals:1)
  2 orc warlords
  Ilsuiw (Shoals:3)
  A frost giant (Shoals:2)
  Louise (Spider:1)
  A stone giant (Volcano)
  4 dire elephants (Lair:6)
  A merfolk javelineer (Shoals:3)
  5 merfolk impalers
  A fire dragon (Lair:4)
  6 hydras
  Erolcha (D:10)
  3 centaur warriors (D:14)
  An anaconda (Lair:6)
  4 merfolk aquamancers
  3 merfolk avatars
  7 two-headed ogres
  2 tengu warriors (D:14)
  An alligator snapping turtle (Shoals:4)
  Nergalle (Lair:1)
  3 orc high priests (Orc:2)
  A fire crab (shapeshifter) (D:14)
  A skeletal warrior (D:12)
  A shadow wraith (D:14)
  7 sea snakes
  A deep troll (D:14)
  6 orc knights
  An orb spider (Spider:1)
  10 ugly things
  3 orc sorcerers
  5 harpies (Shoals:4)
  A wolf spider (Spider:1)
  4 manticores
  4 fauns
  2 deep elf magi
  7 cyclopes
  6 merfolk sirens
  5 water nymphs
  A molten gargoyle (Volcano)
  2 ice statues (IceCv)
  10 elephants
  5 gargoyles
  12 spiny frogs
  2 black mambas
  4 centaur skeletons
  A torpor snail (Lair:6)
  A kobold demonologist (D:12)
  5 rime drakes
  13 komodo dragons
  2 demonic crawlers
  17 merfolk
  16 trolls
  3 jumping spiders (Spider:1)
  A wind drake (Shoals:2)
  3 hornets (Lair:5)
  A meliai (D:12)
  8 snapping turtles
  9 slime creatures
  18 blink frogs
  15 hippogriffs
  Sigmund (D:2)
  2 redbacks (Spider:1)
  12 spriggans (Lair:5)
  A tarantella (Spider:1)
  2 vampires
  67 yaks
  10 water elementals
  5 wyverns
  6 basilisks
  2 wraiths
  6 fire bats (Volcano)
  A fire elemental (Volcano)
  2 hungry ghosts
  5 vampire mosquitoes
  2 soldier ants (D:8)
  2 acid dragons (D:12)
  5 wargs
  5 water moccasins
  33 orc warriors
  14 porcupines
  A swamp drake (D:9)
  A black bear (D:6)
  3 phantoms
  2 sky beasts
  An eye of draining (D:14)
  A necrophage (D:5)
  3 boggarts (Lair:5)
  10 ice beasts
  15 ogres
  7 centaurs
  4 big kobolds
  16 crocodiles
  17 bullfrogs
  2 gnoll sergeants (D:10)
  2 earth elementals (Volcano)
  2 wyvern skeletons
  3 scorpions
  A water moccasin skeleton (D:5)
  22 killer bees
  4 wights (D:8)
  A howler monkey (D:8)
  5 electric eels
  5 lava snakes (Volcano)
  8 crimson imps
  8 centaur zombies
  2 human zombies (Ossuary)
  2 bullfrog zombies
  8 orc priests
  4 hounds
  3 jellies
  2 bullfrog skeletons
  A gnoll shaman (D:8)
  Jessica (D:2)
  2 iguanas
  Terence (D:2)
  A hell rat (Lair:5)
  Natasha (thrice) (D:3)
  14 orc wizards
  18 worker ants
  2 big kobold zombies (Ossuary)
  2 mummies (Ossuary)
  3 hound zombies
  2 hound skeletons
  A howler monkey zombie (D:8)
  6 gnolls
  A howler monkey skeleton (D:8)
  12 adders
  6 shadow imps
  15 white imps
  2 oozes
  An adder skeleton (D:6)
  An adder zombie (D:6)
  4 worms
  2 dart slugs
  5 leopard geckos
  73 orcs
  5 giant cockroaches
  12 goblins
  17 hobgoblins
  13 jackals
  20 kobolds
  8 quokkas
  2 ball pythons
  A ball python skeleton (D:6)
  10 bats
  5 frilled lizards
  5 hobgoblin zombies (Ossuary)
  A jackal skeleton (D:5)
  5 jackal zombies
  10 kobold zombies (Ossuary)
  11 orc zombies (Ossuary)
  5 rats
  4 plants
926 creatures vanquished.

Vanquished Creatures (collateral kills)
  A merfolk javelineer (Shoals:3)
  4 harpies (Shoals:4)
  A merfolk siren (Shoals:4)
  A water nymph (Shoals:4)
  An efreet (Volcano)
  A water elemental (Shoals:4)
9 creatures vanquished.

Vanquished Creatures (others)
  Nessos (Lair:6)
  2 cyclopes (Shoals:2)
  An orc warrior (Orc:2)
  2 centaurs
  30 fungi
  15 plants
51 creatures vanquished.

Grand Total: 986 creatures vanquished

Notes
Turn   | Place    | Note
-------+----------+-------------------------------------------
     0 | D:1      | HarryHood the Minotaur Berserker began the quest for the
                  | Orb.
     0 | D:1      | Reached XP level 1. HP: 19/19 MP: 0/0
    18 | D:1      | Reached skill level 4 in Fighting
    40 | D:1      | Reached XP level 2. HP: 16/28 MP: 1/1
   365 | D:1      | Reached skill level 5 in Fighting
   601 | D:2      | Reached XP level 3. HP: 36/36 MP: 2/2
   644 | D:2      | Found a white marble altar of Elyvilon.
   952 | D:2      | Noticed Jessica
   959 | D:2      | Killed Jessica
   959 | D:2      | Reached skill level 6 in Fighting
   959 | D:2      | Reached XP level 4. HP: 40/44 MP: 3/3
  1065 | D:2      | Noticed Sigmund
  1072 | D:2      | Killed Sigmund
  1072 | D:2      | Reached skill level 6 in Maces & Flails
  1072 | D:2      | Reached XP level 5. HP: 26/50 MP: 4/4
  1418 | D:2      | Reached ** piety under Trog
  1505 | D:2      | Reached XP level 6. HP: 54/57 MP: 5/5
  1542 | D:2      | Found an ornate altar of the Wu Jian Council.
  1733 | D:2      | Noticed Terence
  1751 | D:2      | Killed Terence
  1751 | D:2      | Reached skill level 3 in Armour
  2312 | D:3      | Noticed Natasha
  2314 | D:3      | Killed Natasha
  2387 | D:3      | Noticed Natasha
  2416 | D:3      | Killed Natasha
  2444 | D:3      | Noticed Natasha
  2456 | D:3      | Killed Natasha
  2456 | D:3      | Reached skill level 4 in Armour
  2481 | D:3      | Reached *** piety under Trog
  3048 | D:4      | Found Kufreoq's General Store.
  3056 | D:4      | Bought a +1 pair of gloves of dexterity for 231 gold pieces
  3081 | D:4      | Reached XP level 7. HP: 43/63 MP: 6/6
  3142 | D:4      | Reached skill level 7 in Maces & Flails
  3142 | D:4      | Reached skill level 5 in Armour
  3394 | D:5      | Entered Level 5 of the Dungeon
  3479 | D:5      | Found a sparkling altar of Nemelex Xobeh.
  3500 | D:5      | Found a glowing silver altar of Zin.
  3789 | D:5      | Reached skill level 6 in Armour
  3826 | D:5      | Reached skill level 1 in Slings
  3859 | D:5      | Reached skill level 2 in Slings
  3918 | D:5      | Reached **** piety under Trog
  4117 | D:6      | Got an ancient lead ring
  4118 | D:6      | Identified the ring of Vodka {MR+ Str+6 Int-2 SInv} (You
                  | found it on level 6 of the Dungeon)
  4150 | D:6      | Reached skill level 3 in Slings
  4155 | D:6      | Found Wamerr's Antique Weapon Boutique.
  4178 | D:6      | Reached XP level 8. HP: 48/70 MP: 7/7
  4184 | D:6      | Reached skill level 8 in Maces & Flails
  4191 | D:6      | Reached skill level 7 in Armour
  4774 | D:6      | Reached skill level 8 in Armour
  5037 | D:7      | Reached skill level 9 in Maces & Flails
  5299 | D:7      | Reached skill level 9 in Armour
  5515 | D:7      | Found a staircase to the Ecumenical Temple.
  5520 | D:7      | Reached skill level 3 in Dodging
  5520 | D:7      | Reached XP level 9. HP: 75/75 MP: 8/8
  5585 | D:7      | Reached skill level 4 in Dodging
  6094 | D:8      | Reached ***** piety under Trog
  6130 | D:8      | Reached skill level 5 in Dodging
  6213 | D:8      | Found the -2 hat of the Alchemist {rElec rPois rF+ rC+ rN+
                  | MR+ rMut rCorr}
  6222 | D:8      | Reached skill level 10 in Maces & Flails
  6492 | D:8      | Reached skill level 6 in Dodging
  6609 | D:8      | Reached skill level 4 in Slings
  6658 | D:8      | Found a sand-covered staircase.
  6667 | Ossuary  | Entered an ossuary
  6889 | Ossuary  | Received a gift from Trog
  6896 | Ossuary  | Reached skill level 5 in Slings
  7108 | D:8      | Found an iron altar of Okawaru.
  7228 | D:8      | Reached skill level 6 in Slings
  7385 | D:8      | Found an opulent altar of Gozag.
  7544 | D:9      | Reached XP level 10. HP: 83/83 MP: 9/9
  7759 | D:9      | Noticed a two-headed ogre
  7787 | D:9      | Killed a two-headed ogre
  7787 | D:9      | Reached skill level 11 in Maces & Flails
  7787 | D:9      | Reached skill level 10 in Armour
  8124 | D:9      | Reached skill level 11 in Armour
  8288 | D:9      | Found a staircase to the Lair.
  8394 | D:9      | Found an ancient bone altar of Kikubaaqudgha.
  8439 | D:9      | Found a snail-covered altar of Cheibriados.
  8459 | D:10     | Entered Level 10 of the Dungeon
  8534 | D:10     | Reached skill level 12 in Maces & Flails
  8590 | D:10     | Reached skill level 12 in Armour
  8716 | D:10     | Noticed Erolcha
  8749 | D:10     | Killed Erolcha
  8749 | D:10     | Reached skill level 13 in Maces & Flails
  8749 | D:10     | Reached XP level 11. HP: 89/89 MP: 10/10
  8945 | D:10     | Found a staircase to the Orcish Mines.
  8947 | D:10     | Received a gift from Trog
  9521 | D:10     | Reached skill level 14 in Maces & Flails
  9669 | D:10     | Noticed a two-headed ogre
  9676 | D:10     | Killed a two-headed ogre
  9771 | D:10     | Got a smelly plate armour
  9782 | D:10     | Identified the +7 plate armour of Lugonu's Envy {rPois
                  | Str+3} (You found it on level 10 of the Dungeon)
 10158 | D:11     | Reached skill level 7 in Dodging
 10216 | D:11     | Reached skill level 7 in Fighting
 10278 | D:11     | Identified the Guide on Ensnaring Transmigration
 10486 | D:11     | Noticed a two-headed ogre
 10498 | D:11     | Killed a two-headed ogre
 10606 | D:11     | Reached skill level 8 in Dodging
 10779 | D:11     | Received a gift from Trog
 11500 | Lair:1   | Entered Level 1 of the Lair of Beasts
 11551 | Lair:1   | Reached skill level 8 in Fighting
 11557 | Lair:1   | Reached skill level 9 in Dodging
 11704 | Lair:1   | Noticed a four-headed hydra
 11711 | Lair:1   | Killed a four-headed hydra
 11727 | Lair:1   | Noticed Nergalle
 11739 | Lair:1   | Killed Nergalle
 11739 | Lair:1   | Reached XP level 12. HP: 103/103 MP: 11/11
 11789 | Lair:1   | Reached skill level 9 in Fighting
 11797 | Lair:1   | Reached skill level 13 in Armour
 12097 | Lair:2   | Found a staircase to the Shoals.
 12155 | Lair:2   | Found a hole to the Spider Nest.
 12156 | Lair:2   | Reached ****** piety under Trog
 12214 | Lair:2   | Found a frozen archway.
 12247 | IceCv    | Entered an ice cave
 12347 | IceCv    | Found a transporter.
 12364 | IceCv    | Found a transporter.
 12768 | Lair:2   | Reached skill level 14 in Armour
 12776 | Lair:2   | Reached skill level 10 in Fighting
 12779 | Lair:2   | Received a gift from Trog
 13342 | Lair:3   | Noticed an eight-headed hydra
 13354 | Lair:2   | Killed an eight-headed hydra
 13354 | Lair:2   | Reached skill level 7 in Slings
 13518 | Lair:3   | Reached skill level 8 in Slings
 13684 | Lair:3   | Reached skill level 11 in Fighting
 13691 | Lair:3   | Reached skill level 9 in Slings
 13710 | Lair:3   | Noticed a six-headed hydra
 13720 | Lair:3   | Killed a six-headed hydra
 13804 | Lair:3   | Reached XP level 13. HP: 109/116 MP: 12/12
 14011 | Lair:3   | Found a dark tunnel.
 14021 | Volcano  | Entered a volcano
 14194 | Volcano  | Noticed a stone giant
 14200 | Volcano  | Reached skill level 10 in Dodging
 14221 | Volcano  | Found a radiant altar of Vehumet.
 14239 | Volcano  | Killed a stone giant
 15088 | Lair:4   | Reached skill level 12 in Fighting
 15088 | Lair:4   | Reached skill level 11 in Dodging
 15416 | Lair:4   | Noticed a fire dragon
 15450 | Lair:4   | Killed a fire dragon
 15450 | Lair:4   | Received a gift from Trog
 15748 | Lair:5   | You fall into a shaft and drop 1 floor!
 15748 | Lair:6   | Entered Level 6 of the Lair of Beasts
 15825 | Lair:6   | Noticed Nessos
 15838 | Lair:6   | Killed Nessos
 15838 | Lair:6   | Reached skill level 12 in Dodging
 16004 | Lair:5   | Received a gift from Trog
 16082 | Lair:5   | Received a gift from Trog
 16082 | Lair:5   | Reached skill level 1 in Shields
 16098 | Lair:5   | Reached skill level 2 in Shields
 16306 | Lair:5   | Found the +6 Majin-Bo {vamp, Archmagi MP+6 Int+6}
 16347 | Lair:5   | Reached skill level 3 in Shields
 16464 | Lair:5   | Found a viscous altar of Jiyva.
 16465 | Lair:5   | Found a staircase to the Slime Pits.
 16714 | Lair:5   | Reached skill level 13 in Fighting
 16714 | Lair:5   | Reached skill level 4 in Shields
 16947 | Lair:6   | Reached XP level 14. HP: 111/129 MP: 13/13
 17084 | Lair:6   | Reached skill level 15 in Armour
 17182 | Lair:6   | Received a gift from Trog
 18270 | Lair:6   | Reached skill level 16 in Armour
 18567 | Lair:6   | Reached skill level 14 in Fighting
 18836 | Orc:1    | Entered Level 1 of the Orcish Mines
 18838 | Orc:1    | Noticed an orc warlord
 18847 | Orc:1    | Paralysed by an orc sorcerer for 7 turns
 18862 | D:10     | Killed an orc warlord
 19224 | Orc:1    | Found Zolunkitz's Gadget Shop.
 19299 | Orc:2    | Entered Level 2 of the Orcish Mines
 19730 | Orc:2    | Found Valin's General Store.
 19738 | Orc:2    | Bought a scroll of remove curse for 33 gold pieces
 19738 | Orc:2    | Bought a scroll of remove curse for 33 gold pieces
 19774 | Orc:2    | Reached skill level 17 in Armour
 19796 | Orc:2    | Received a gift from Trog
 19847 | Orc:2    | Found Zoleuz's Antique Weapon Boutique.
 19894 | Orc:2    | Noticed an orc warlord
 19915 | Orc:2    | Killed an orc warlord
 19938 | Orc:2    | Reached skill level 15 in Fighting
 19994 | Orc:2    | Found Foprughi's Antique Armour Shoppe.
 20286 | Orc:2    | Found Igink's Book Shop.
 20423 | Orc:2    | Reached XP level 15. HP: 141/141 MP: 14/14
 20476 | Orc:2    | Found a staircase to the Elven Halls.
 20884 | D:12     | Found Nepuol's Needful Niceties.
 21162 | D:12     | Received a gift from Trog
 21214 | D:12     | Identified the ring of Syotsask {rF+++ rC+ Str-5 Int+2
                  | Dex+4}
 21235 | D:12     | Reached skill level 10 in Slings
 21348 | D:12     | Identified the amulet "Jios" {Faith +Inv MP-9 Int+4 Dex+3}
 21502 | D:12     | Got a scintillating turquoise ring
 21560 | D:12     | Got a warped golden amulet
 21605 | D:12     | Identified the ring of Bymnurgh {rN+ Int+2 SInv} (You found
                  | it on level 12 of the Dungeon)
 21606 | D:12     | Identified the amulet of Uxtuabum {Acrobat rC+} (You found
                  | it on level 12 of the Dungeon)
 22072 | D:13     | Reached skill level 11 in Slings
 22140 | D:13     | Reached skill level 16 in Fighting
 22431 | D:14     | Found Feen Lan's Book Shop.
 22452 | D:14     | Received a gift from Trog
 22705 | D:14     | Got a scorched long sword
 22737 | D:14     | Received a gift from Trog
 22798 | D:14     | Reached skill level 12 in Slings
 23077 | D:14     | Found a gate to the Vaults.
 23755 | Spider:1 | Entered Level 1 of the Spider Nest
 23755 | Spider:1 | Noticed Louise
 23778 | Spider:1 | Killed Louise
 23784 | Spider:1 | HP: 11/145 [disintegration (14)]
 24204 | Shoals:1 | Entered Level 1 of the Shoals
 24378 | Shoals:1 | Noticed Roxanne
 24394 | Shoals:1 | Reached skill level 17 in Fighting
 24997 | Shoals:1 | Noticed Jorgrun
 25021 | Shoals:1 | Killed Jorgrun
 25021 | Shoals:1 | Received a gift from Trog
 25021 | Shoals:1 | Reached XP level 16. HP: 68/155 MP: 15/15
 25605 | Shoals:1 | Killed Roxanne
 25634 | Shoals:2 | Reached skill level 5 in Shields
 25648 | Shoals:2 | Got a pitted scale mail
 25719 | Shoals:2 | Reached skill level 18 in Armour
 25724 | Shoals:2 | Received a gift from Trog
 25930 | Shoals:2 | Reached skill level 6 in Shields
 26476 | Shoals:3 | Noticed Ilsuiw
 26487 | Shoals:3 | Reached skill level 7 in Shields
 26527 | Shoals:3 | Killed Ilsuiw
 26814 | Shoals:4 | Entered Level 4 of the Shoals
 27032 | Shoals:4 | Received a gift from Trog
 27032 | Shoals:4 | Reached skill level 18 in Fighting
 27183 | Shoals:4 | Reached skill level 8 in Shields
 27517 | Shoals:4 | HP: 6/157 [merfolk impaler/+0 trident (10)]
 27519 | Shoals:4 | HP: 1/157 [merfolk javelineer/javelin (10)]
 27519 | Shoals:4 | Mangled by a sea snake

Levels and vault maps discovered:
D:1:      wander_arrival_peaceful_grave, layout_basic
D:2:      layout_loops_corners, overflow_temple_1_default, lemuel_crystal_altar,
          uniq_sigmund, uniq_terence, uniq_jessica
D:3:      layout_basic, serial_rivers, chequers_serial_rivers_micro_d,
          chequers_serial_rivers_micro_d, chequers_serial_rivers_micro_d,
          chequers_serial_rivers_micro_c, first_ration, uniq_natasha
D:4:      layout_rooms, serial_shops, shop, minmay_goblin_outpost
D:5:      layout_basic, lemuel_doored_altar, nemelex_lonely_heart_becter
D:6:      layout_basic, serial_shops, shop
D:7:      layout_loops_corners, minmay_temple_entry_statues
D:8:      layout_basic, okawaru_metal_pillars_1_2, lemuel_round_altar,
          enter_ossuary_1, hangedman_pestilent_swarm, minmay_quadrilaterals
D:9:      layout_rooms, kennysheep_mini, nicolae_overflow_hidden_temple,
          erik_lair_dragon
D:10:     layout_stronghold, kennysheep_orc_monster_closet_entryway,
          serial_column_ruins, column_ruins_square_huge,
          column_ruins_circle_medium, column_ruins_open_medium,
          column_ruins_open_small, column_ruins_open_small, column_ruins_grid_1,
          column_ruins_open_tiny, column_ruins_grid_3, uniq_erolcha
D:11:     layout_basic
D:12:     minmay_the_grid_triangle_9x9_recursive_2_mashed
          [minmay_the_grid_triangle_9x9_prize_special,
          minmay_the_grid_triangle_9x9_from_above,
          minmay_the_grid_triangle_9x9_minimal,
          minmay_the_grid_triangle_9x9_negative_grid], layout_basic,
          fountainhead, nicolae_alphabet_shops
D:13:     layout_loops_cross, minmay_nine_imps
D:14:     cheibrodos_elevator_heist, layout_loops_corners, david_vaults_4,
          serial_shops, shop_statue, minmay_misc_feat_diagonals
Lair:1:   layout_misc_corridors, lemuel_fruit_tree, uniq_nergalle
Lair:2:   layout_cave_pods, shoals_dummy_entry,
          nicolae_spider_entry_non_spiders, portal_ice_cave_entry_imps,
          minivault_11, nicolae_quartered_pool_medium, small_statue_intersection
Lair:3:   layout_chaotic_city, enter_volcano_1, minivault_27,
          chequers_serial_rivers_micro_a
Lair:4:   dragon1_lemuel, layout_cave_pods, minmay_lair_oklob_chamber
Lair:5:   kb_forest_paths, layout_regular_city, slime_altar_1
Lair:6:   due_jungle_book, layout_regular_city, serial_bayou_shore_a,
          uniq_nessos
Shoals:1: layout_shoals, uniq_jorgrun, uniq_roxanne
Shoals:2: layout_shoals, st_cyclops
Shoals:3: layout_shoals, nicolae_shoals_this_corrosion, uniq_ilsuiw
Shoals:4: shoals_end_hangedman, layout_shoals, uniq_donald
Spider:1: layout_spider_delve, uniq_louise
Orc:1:    layout_diamond_mine, serial_shops, shop
Orc:2:    grunt_orc_gardens, layout_caves, grunt_orc_garden, grunt_orc_garden,
          grunt_orc_garden, grunt_orc_garden

Skill      XL: |  1  2  3  4  5  6  7  8  9 10 11 12 13 14 15 16 |
---------------+-------------------------------------------------+-----
Fighting       | 4 5 6 8 11 13 15 17 18 | 18.2
Maces & Flails | 6 7 9 10 13 14 | 14.0
Armour         | 4 6 9 12 14 17 18 | 18.8
Slings         | 3 6 9 12 | 12.0
Dodging        | 3 6 9 12 | 12.0
Shields        | 4 8 |  8.6

Action                   |  1- 3 |  4- 6 |  7- 9 | 10-12 | 13-15 | 16-18 || total
-------------------------+-------+-------+-------+-------+-------+-------++-------
Melee: Mace              |    69 |   134 |   125 |       |       |       ||   328
       Headbutt          |     9 |    24 |   110 |   167 |   509 |   158 ||   977
       Flail             |       |    39 |   281 |   619 |  1574 |   434 ||  2947
       Unarmed           |       |     3 |       |       |       |       ||     3
 Fire: Fustibalus        |       |       |       |    12 |     2 |       ||    14
Throw: Boomerang         |       |       |       |       |       |     1 ||     1
Invok: Berserk           |       |     1 |     1 |     2 |     4 |     1 ||     9
       Brothers in Arms  |       |       |       |       |     1 |     4 ||     5
       Trog's Hand       |       |       |       |       |     1 |     2 ||     3
  Use: Scroll            |     2 |     4 |    11 |    13 |     8 |     1 ||    39
       Potion            |       |       |       |     3 |     4 |     2 ||     9
 Stab: Confused          |       |       |       |     1 |       |       ||     1
       Distracted        |       |       |       |       |     1 |       ||     1
  Eat: Chunk             |       |     8 |    14 |    15 |    38 |    11 ||    86
       Ration            |       |       |     1 |     2 |     1 |       ||     4
Armor: Animal skin       |     2 |       |       |       |       |       ||     2
       Ring mail         |    23 |    20 |       |       |       |       ||    43
       Chain mail        |       |    32 |    70 |       |       |       ||   102
       Scale mail        |       |    13 |       |       |       |       ||    13
       Skin              |       |     1 |       |       |       |       ||     1
       Plate armour      |       |       |   104 |   330 |   431 |   112 ||   977
Dodge: Dodged            |    42 |    99 |   142 |   436 |   875 |   180 ||  1774
       Deflected         |       |       |     8 |     7 |    28 |    15 ||    58
Block: Other             |       |    14 |    35 |    66 |    32 |       ||   147
       Reflection        |       |     1 |       |       |    14 |    38 ||    53
       Buckler           |       |       |       |       |   466 |       ||   466
       Large shield      |       |       |       |       |     5 |   468 ||   473

Table legend:
 A = Non-vault XP
 B = Vault XP
 C = Vault XP percentage of total XP
 D = Non-vault monster count
 E = Vault monster count
 F = Vault count percentage of total count
                 A         B        C        D         E       F
            +---------+---------+-------+---------+---------+-------
      Total |  132129 |   68336 |  34.1 |     678 |     259 |  27.6
            +---------+---------+-------+---------+---------+-------
        D:1 |      40 |       0 |   0.0 |      22 |       0 |   0.0
        D:2 |      87 |     304 |  77.7 |      24 |       3 |  11.1
        D:3 |     151 |      35 |  18.8 |      31 |       1 |   3.1
        D:4 |     235 |      17 |   6.7 |      18 |       9 |  33.3
        D:5 |     401 |       0 |   0.0 |      13 |       0 |   0.0
        D:6 |     828 |       0 |   0.0 |      22 |       0 |   0.0
        D:7 |    1176 |       0 |   0.0 |      26 |       0 |   0.0
        D:8 |    1284 |     590 |  31.5 |      30 |      10 |  25.0
        D:9 |    1983 |    1073 |  35.1 |      19 |       7 |  26.9
       D:10 |    8020 |    2596 |  24.5 |      39 |      21 |  35.0
       D:11 |    3432 |       0 |   0.0 |      23 |       0 |   0.0
       D:12 |    5514 |    5508 |  50.0 |      38 |      17 |  30.9
       D:13 |    9124 |     324 |   3.4 |      34 |       9 |  20.9
       D:14 |   12607 |    3195 |  20.2 |      45 |       4 |   8.2
     Lair:1 |    4819 |     828 |  14.7 |      17 |       1 |   5.6
     Lair:2 |    3943 |     601 |  13.2 |      16 |      20 |  55.6
     Lair:3 |    8961 |       0 |   0.0 |      30 |       0 |   0.0
     Lair:4 |    4297 |    1574 |  26.8 |      22 |       3 |  12.0
     Lair:5 |    4507 |    5704 |  55.9 |      20 |      22 |  52.4
     Lair:6 |   17592 |    4270 |  19.5 |      47 |       6 |  11.3
   Shoals:1 |    8434 |    5103 |  37.7 |      19 |       2 |   9.5
   Shoals:2 |    6411 |    5071 |  44.2 |      13 |       8 |  38.1
   Shoals:3 |    8698 |    3859 |  30.7 |      20 |       5 |  20.0
   Shoals:4 |    9814 |    8706 |  47.0 |      20 |      15 |  42.9
   Spider:1 |    3206 |    1572 |  32.9 |      11 |       1 |   8.3
      Orc:1 |    3095 |       0 |   0.0 |      27 |       0 |   0.0
      Orc:2 |    3470 |    9905 |  74.1 |      32 |      27 |  45.8
    Ossuary |       0 |     352 | 100.0 |       0 |      39 | 100.0
      IceCv |       0 |    2560 | 100.0 |       0 |      10 | 100.0
    Volcano |       0 |    4589 | 100.0 |       0 |      19 | 100.0
            +---------+---------+-------+---------+---------+-------
